montu, chaotic male human Wizard --- ----- ---- --- ---- --.-- ------ --.|.---- |..| --.-- --- |..| --- ---- |...| ---.--.----.......| |..| |...---.-- --..---.---..|---- |...|--.................| |..| --.......-- |........|...||..-- ---.--|.............>---..-- ----..-- |-..^....| |........|.---|...| |...| |..........--..| |...--- |......| |........| --.....-...^-- --..----.--- |.-....|.---|..--|.....-- --....-- |-.......| |............----.......| |-...----- --...|--.....| ---..| |..^.....-- |...-.........|....^.------ |....| |...-- ---..-- --.-- |.........----......................|..| --..-| --- |..-- --.| |..--------.........................<..........----...---.------ --.| --.................------.---......................)..)|....-- ---- |*.| |...--------.....-- --- --.........).....-----...........| |..-- ---- |..-- |....-- |...............| --............---...| ---- |....| --...............|--..............|...-- --...| --.............[..--..---............--- ---.| --.................@U.-- |..........--- |..-- |...................U.| |.........-- |...| |..........---.|..[...| ---......-- --.-- --.--------- -----.)--- ---[...| --- --- ---- ------ montu the Wizard Experience level: 8 Strength: 14 Dexterity: 11 Constitution: 4 Intelligence: 19 Wisdom: 16 Charisma: 10 Health: 0(52) Energy: 105(105) Def: 2 Gold: 0 Moves: 10449 Dungeon seed [set]: Game ID: montu_1703623213 Your Inventory: Amulets w - a cursed amulet of magical breathing x - a cursed amulet of strangulation Weapons a - a blessed +1 quarterstaff (weapon in hands) Armor e - an uncursed +0 cloak of magic resistance (being worn) q - an uncursed +0 leather jacket (being worn) Comestibles r - 3 uncursed food rations I - an uncursed melon Scrolls o - an uncursed scroll of remove curse u - an uncursed scroll of light Potions z - a potion of holy water Rings g - an uncursed +2 ring of gain strength (on left hand) v - an uncursed ring of polymorph control B - a cursed ring of hunger C - an uncursed ring of teleport control E - an uncursed ring of polymorph control H - an uncursed ring of shock resistance Y - an uncursed +1 ring of increase accuracy Wands d - an uncursed wand of teleportation (0:1) h - an uncursed wand of create monster (0:11) p - an uncursed wand of slow monster (0:6) s - an uncursed wand of light (0:14) G - an uncursed wand of cancellation (0:8) M - an uncursed wand of secret door detection (0:13) O - an uncursed wand of light (0:15) W - an uncursed wand of polymorph (0:7) Tools f - 8 uncursed wax candles (0:400) j - an uncursed towel l - an uncursed sturdy key m - an uncursed brass lantern (0:0) n - an uncursed towel t - 5 uncursed tallow candles (0:200) D - an uncursed crystal ball (0:3) J - an uncursed expensive camera (0:47) T - an uncursed oil lamp (0:0) V - an uncursed leash Gems y - an uncursed worthless piece of white glass A - an uncursed worthless piece of orange glass N - an uncursed worthless piece of yellowish brown glass Spells and supernatural/magical abilities: Name Level Category Fail Memory a - force bolt 1 attack 0% 48% b - haste self 3 escape 48% 48% c - remove curse 3 clerical 48% 50% d - magic missile 2 attack 0% 58% e - protection 1 clerical 0% 93% z - sleep 2 enchantment 0% 48% W - pray for help -- divine ? -- Your skills at the end: Miscellaneous Skills wands [Basic] stealth [Skilled] Weapon Skills quarterstaff [Skilled] Spellcasting Skills attack spells [Expert] enchantment spells [Basic] Final Attributes: You had strayed. You were poison resistant. You were magic-protected. Your writing hand was injured through excessive use. You were telepathic. You were somewhat stealthy. You were lucky. You are dead. Vanquished creatures: 2 giant mimics a large dog a tengu a giant beetle 2 gnome kings a brown pudding a dog a raven a plains centaur an imp a wood nymph a rock mole a pony a shrieker 6 gnome lords 3 red naga hatchlings 6 black naga hatchlings a ghoul a straw golem a paper golem 3 giant ants 2 puppies 3 floating eyes a kitten 10 dwarves 3 quasits 2 kobold lords 3 iguanas a rothe 4 rabid rats a centipede 2 jitterbugs 2 orc zombies 5 dwarf zombies a wererat 3 coyotes 3 hobbits a large kobold 2 geckos 2 hobgoblins 5 giant rats 5 cave spiders 2 brown molds 2 yellow molds 2 red molds 23 gnomes 5 garter snakes 16 jackals a fox 5 kobolds 10 newts 6 goblins 5 sewer rats 5 grid bugs 11 lichens 5 kobold zombies 196 creatures vanquished. Voluntary challenges: You did not cause conflict. You did not have reflection. You were not displaced. You did not donate to any temples.. You used a wielded weapon 179 times, starting on turn 177. You did not apply a unicorn horn. You did not use plumbed fixtures. You read items or engraved 50 times, starting on turn 3. You never genocided any monsters. You never polymorphed an object. You never changed form. You cheated 1 time but completed Sokoban on turn 6555. You used no wishes. You did not use any artifacts. You never split a pudding. You wrote Elbereth's name 15 times, starting on turn 3866. You violated your moral code, losing 3 points of alignment, starting on turn 2311. Dungeon overview: The Dungeons of Doom: levels 1 to 6 Level 1 a vault, an altar to Anhur, a fountain a long staircase Level 2 a general store Level 3 a delicatessen Level 4 some fountains stairs to The Gnomish Mines Level 5 many fountains Level 6 a fountain stairs to Sokoban The Gnomish Mines: levels 5 to 7 Level 5 stairs to The Dungeons of Doom Level 6 Level 7 <- You were here Sokoban: levels 2 to 5 Level 2 a magic chest Level 3 Level 4 Level 5 a magic chest stairs to The Dungeons of Doom History has recorded: On T:1 you entered the Dungeons of Doom to retrieve the Amulet of Yendor! On T:343 you reached level 2 of The Dungeons of Doom. On T:811 you reached level 3 of The Dungeons of Doom. On T:909 you advanced to experience level 2. On T:1020 you advanced to experience level 3. On T:1143 you reached level 4 of The Dungeons of Doom. On T:1258 you advanced to experience level 4. On T:1558 you reached level 5 of The Dungeons of Doom. On T:2091 you reached level 6 of The Dungeons of Doom. On T:2179 you advanced to experience level 5. On T:2194 you reached level 4 of Sokoban. On T:2194 you unlocked the Rogue role by using long stairs. On T:2200 you prayed to Anhur. On T:2291 you opened a magic chest. On T:3065 you reached level 3 of Sokoban. On T:3065 you unlocked the elven race by using stairs in Sokoban. On T:3365 you advanced to experience level 6. On T:3978 you reached level 2 of Sokoban. On T:5184 you reached level 1 of Sokoban. On T:5185 you unlocked the fruit name option by eating a melon. On T:6555 you entered the Sokoban zoo. On T:6555 you unlocked the Knight role by completing Sokoban without cheating. On T:6555 you unlocked the horse name option by completing Sokoban without cheating. On T:6651 you advanced to experience level 7. On T:7801 you reached level 1 of The Gnomish Mines. On T:7916 you prayed to Anhur. On T:9529 you reached level 3 of The Gnomish Mines. On T:9572 you prayed to Anhur. On T:9860 you advanced to experience level 8. Score breakdown: Gold: 0 ( 0 points) Experience: 8 levels ( 700 points) Exploration: 7 levels ( 180 points) Discoveries: 41 items ( 2000 points) Variety of kills: 56 monsters ( 2000 points) Major goal: finished Sokoban ( 1000 points) Survival: died (score multiplied by 3) Total score: 17640 Latest messages: You see here a rock. A trap door in the ceiling opens and a rock falls on your head! You feel tough! You must be leading a healthy life-style. There are a few objects here. (2x) Something is written here in the dust. You read: "J ?o". You see here an uncursed bag. b - an uncursed bag. You rebalance your load. Movement is difficult. Where do you want to travel to? You stop travelling. You drop an uncursed bag. Your movements are only slowed slightly by your load. The werebear summons help! The werebear mauls you! The werebear bites! The werebear mauls you! The werebear bites! The brown bear mauls you! The brown bear bites! You die... Final status: Goodbye montu the Wizard, killed by a brown bear... You died in The Gnomish Mines on dungeon level 7 with 17640 points, and 0 pieces of gold, after 10449 moves. You were level 8 with a maximum of 52 hit points when you died.